 Dungeon Crawl Stone Soup version 0.22.1-1-ga44c0e5 (webtiles) character file.

862 Starchild the Quickloader (level 8, 0/43 HPs)
             Began as a Kobold Arcane Marksman on Oct 12, 2018.
             Was an Initiate of Okawaru.
             Slain by a big kobold (3 damage)
             ... on level 7 of the Dungeon.
             The game lasted 00:30:40 (6717 turns).

Starchild the Quickloader (Kobold Arcane Marksman)  Turns: 6717, Time: 00:30:41

Health: 0/43       AC:  3    Str: 12    XL:     8   Next: 22%
Magic:  9/9        EV: 21    Int: 16    God:    Okawaru [......]
Gold:   268        SH:  0    Dex: 21    Spells: 3/9 levels left

rFire    + . .     SeeInvis .   x - +2 dagger (protect)
rCold    + . .     Gourm    .   (shield restricted)
rNeg     . . .     Faith    .   e - +0 robe
rPois    +         Spirit   .   (no helmet)
rElec    +         Reflect  .   (no cloak)
rCorr    +         Harm     .   m - +0 pair of gloves
MR       .....                  (no boots)
Stlth    +++.......             k - amulet of inaccuracy (curse)
HPRegen  0.14/turn              (no ring)
MPRegen  0.11/turn              (no ring)

@: mighty, agile, resistant
A: small, carnivore
a: Renounce Religion


You were on level 7 of the Dungeon.
You worshipped Okawaru.
Okawaru was noncommittal.
You were not hungry.

You visited 2 branches of the dungeon, and saw 8 of its levels.

You collected 268 gold pieces.

Inventory:

Hand Weapons
 a - a +1 hand crossbow
 x - a +2 dagger of protection (weapon)
Missiles
 c - 124 stones (quivered)
 d - 2 bolts
 t - 4 tomahawks
Armour
 e - a +0 robe (worn)
 m - a +0 pair of gloves (worn)
 q - a +0 leather armour of fire resistance
Jewellery
 k - a cursed amulet of inaccuracy (around neck)
 l - an uncursed amulet of faith
 p - an uncursed ring of ice
 A - an uncursed amulet of magic regeneration {unknown}
Wands
 y - a wand of iceblast (13)
 B - a wand of acid (4)
Scrolls
 i - 3 scrolls of teleportation
 j - 4 scrolls of magic mapping
 n - 2 scrolls of identify
 r - a scroll of fog
Potions
 h - 4 potions of haste
 o - a potion of mutation
 s - a potion of agility
 v - a potion of brilliance {unknown}
 w - 2 potions of magic
 z - a potion of invisibility {unknown}
Comestibles
 f - 10 rations


   Skills:
 - Level 1.1 Fighting
 + Level 9.2 Crossbows
 - Level 2.4 Dodging
 - Level 1.1 Spellcasting
 * Level 5.5 Hexes


You had 3 spell levels left.
You knew the following spells:

 Your Spells              Type           Power        Failure   Level  Hunger
a - Corona                Hex            ###....      2%          1    ##.....
b - Slow                  Hex            ###.....     3%          2    ###....
c - Inner Flame           Hex/Fire       #.......     22%         3    ####...

Your spell library contained the following spells:

 Spells                   Type           Power        Failure   Level  Hunger
 Portal Projectile        Hex/Tloc       #.....       22%         3    ####...
 Cause Fear               Hex            ###.......   22%         4    #####..
 Leda's Liquefaction      Hex/Erth       #.........   58%         4    #####..


Dungeon Overview and Level Annotations

Branches:
Dungeon (7/15)             Temple (1/1) D:6

Altars:
Ashenzari
Cheibriados
Dithmenos
Elyvilon
Fedhas
Gozag
Hepliaklqana
Kikubaaqudgha
Makhleb
Nemelex Xobeh
Okawaru
Qazlal
Ru
Sif Muna
Trog
Uskayaw
Wu Jian
Xom
Yredelemnul
Zin
The Shining One

Annotations:
D:3 Edmund
D:4 Sigmund
D:6 Prince Ribbit


Innate Abilities, Weirdness & Mutations

You are small and have problems with some larger weapons.
You are carnivorous and can eat meat at any time.


Message History

The big kobold misses you.
You miss the big kobold.
The big kobold is heavily wounded.
The big kobold misses you.
You closely miss the big kobold.
The big kobold is heavily wounded.
The big kobold hits you.
* * * LOW HITPOINT WARNING * * *
It was a potion of resistance.
You feel protected. The big kobold closely misses you.
It was a potion of might.
You feel very mighty all of a sudden. The big kobold closely misses you.
It was a potion of magic.
Magic courses through your body. The big kobold barely misses you.
You closely miss the big kobold.
The big kobold is heavily wounded.
The big kobold hits you.
You die... ........# ...(...# ..(...+ .....# .K..# KKK

#K# #K# #@#
#########.#
#.........#
#.#########
#.# #)# #.#
#.# #.#


You could see a big kobold and 5 kobolds.

Vanquished Creatures
  An ogre (D:6)
  A bullfrog (D:6)
  2 scorpions (D:4)
  A howler monkey (D:5)
  A crimson imp (D:6)
  A jelly (D:6)
  A bullfrog zombie (D:5)
  A hound (D:7)
  2 orc priests
  A centaur skeleton (D:5)
  An orc wizard (D:5)
  Natasha (thrice) (D:2)
  2 worker ants
  A worker ant zombie (D:3)
  7 adders
  3 worms
  5 dart slugs
  5 leopard geckos
  12 orcs
  10 giant cockroaches
  10 goblins
  7 hobgoblins
  4 jackals
  A quokka (D:5)
  A ball python (D:2)
  5 bats
  8 frilled lizards
  A jackal skeleton (D:3)
  14 kobolds
  A quokka skeleton (D:6)
  6 rats
119 creatures vanquished.

Notes
Turn   | Place    | Note
-------+----------+-------------------------------------------
     0 | D:1      | Starchild the Kobold Arcane Marksman began the quest for
                  | the Orb.
     0 | D:1      | Reached XP level 1. HP: 12/12 MP: 2/2
    72 | D:1      | Reached XP level 2. HP: 16/16 MP: 3/3
   122 | D:1      | Reached skill level 3 in Crossbows
   155 | D:1      | Reached XP level 3. HP: 18/20 MP: 4/4
   159 | D:1      | Learned a level 2 spell: Slow
   542 | D:2      | Reached XP level 4. HP: 25/25 MP: 5/5
   568 | D:2      | Reached skill level 4 in Crossbows
   797 | D:2      | Noticed Natasha
   847 | D:2      | Killed Natasha
   847 | D:2      | Reached XP level 5. HP: 22/29 MP: 6/6
   946 | D:2      | Noticed Natasha
   965 | D:2      | Killed Natasha
   965 | D:2      | Reached skill level 5 in Crossbows
  1033 | D:2      | Noticed Natasha
  1041 | D:2      | Killed Natasha
  1497 | D:2      | Found an ornate altar of the Wu Jian Council.
  1555 | D:2      | Learned a level 3 spell: Inner Flame
  1967 | D:3      | Found a shattered altar of Ashenzari.
  2099 | D:3      | Reached skill level 6 in Crossbows
  2099 | D:3      | Reached XP level 6. HP: 25/34 MP: 7/7
  3296 | D:4      | Noticed Edmund
  3883 | D:4      | Found a sparkling altar of Nemelex Xobeh.
  3887 | D:4      | Reached skill level 7 in Crossbows
  4178 | D:4      | Reached XP level 7. HP: 38/38 MP: 8/8
  4314 | D:5      | Entered Level 5 of the Dungeon
  4351 | D:4      | Noticed Sigmund
  4665 | D:5      | Found a basalt altar of Yredelemnul.
  4669 | D:5      | Found a sacrificial altar of Ru.
  4806 | D:5      | Found a snail-covered altar of Cheibriados.
  4806 | D:5      | Found a deep blue altar of Sif Muna.
  5006 | D:5      | Found a shimmering altar of Xom.
  5037 | D:5      | Found a glowing silver altar of Zin.
  5271 | D:6      | Found an iron altar of Okawaru.
  5295 | D:6      | Found a staircase to the Ecumenical Temple.
  5304 | Temple   | Entered the Ecumenical Temple
  5337 | Temple   | Became a worshipper of Warmaster Okawaru
  5534 | D:6      | Found a burning altar of Makhleb.
  5554 | D:6      | Reached skill level 8 in Crossbows
  5604 | D:6      | HP: 1/38 [worker ant (4)]
  5607 | D:6      | Reached skill level 5 in Hexes
  6123 | D:5      | Reached XP level 8. HP: 38/43 MP: 9/9
  6274 | D:6      | Noticed Prince Ribbit
  6626 | D:6      | Reached skill level 9 in Crossbows
  6712 | D:7      | HP: 2/43 [big kobold (4)]
  6717 | D:7      | Slain by a big kobold

Skill      XL: |  1  2  3  4  5  6  7  8 |
---------------+-------------------------+-----
Crossbows      | 3 4 6 7 8 9 |  9.2
Hexes          | 4 5 |  5.5
Fighting       | |  1.1
Dodging        | |  2.4
Spellcasting   | |  1.1

Action                   |  1- 3 |  4- 6 |  7- 9 || total
-------------------------+-------+-------+-------++-------
Melee: Unarmed           |       |     4 |       ||     4
       Dagger            |       |       |    93 ||    93
 Fire: Hand crossbow     |    73 |   200 |   111 ||   384
Throw: Stone             |       |       |    10 ||    10
 Cast: Corona            |       |    11 |    18 ||    29
       Slow              |       |     8 |     5 ||    13
  Use: Scroll            |       |    12 |     7 ||    19
       Potion            |       |       |     7 ||     7
  Eat: Chunk             |       |    12 |    10 ||    22
Armor: Robe              |     2 |     9 |    27 ||    38
       Skin              |       |    15 |       ||    15
Dodge: Dodged            |    22 |    90 |   107 ||   219
